 Dungeon Crawl Stone Soup version 0.29.0-4-gdea44cf6ec (webtiles) character file.

Game seed: 9071922478524462113

11 inmateoo the Insei (level 2, 0/21 HPs)
             Began as a Demonspawn Transmuter on Aug 27, 2022.
             Slain by a quokka (2 damage)
             ... on level 1 of the Dungeon.
             The game lasted 00:01:01 (594 turns).

inmateoo the Insei (Demonspawn Transmuter)           Turns: 594, Time: 00:01:02

Health: 0/21       AC:  2    Str: 10    XL:     2   Next: 17%
Magic:  4/5        EV: 12    Int: 14    God:
Gold:   12         SH:  0    Dex: 13    Spells: 4/5 levels left

rFire   . . .      SeeInvis .     - Unarmed
rCold   . . .      Faith    .   (no shield)
rNeg    . . .      Spirit   .   a - +0 robe
rPois   .          Reflect  .   (helmet currently unavailable)
rElec   .          Harm     .   (no cloak)
rCorr   .          Rampage  .   (no gloves)
Will    .....                   (boots currently unavailable)
Stlth   +.........              (no amulet)
HPRegen 0.07/turn               (no ring)
MPRegen 0.09/turn               (no ring)

@: appendages (expiring)
A: horns 2, talons 2, hooves 1
a: End Transformation


You were on level 1 of the Dungeon.
You had temporarily grown beastly horns and talons.
You visited 1 branch of the dungeon, and saw 1 of its levels.

You collected 12 gold pieces.

Inventory:

Armour
 a - a +0 robe (worn)
Jewellery
 e - a ring of wizardry
Scrolls
 d - a scroll of immolation {unknown}
Potions
 b - a potion of lignification
 c - a potion of curing {unknown}


   Skills:
 + Level 1.1 Fighting
 + Level 0.2 Armour
 + Level 2.0 Dodging
 * Level 2.8 Unarmed Combat
 * Level 2.1 Spellcasting
 * Level 2.0 Transmutations


You had 4 spell levels left.
You knew the following spells:

 Your Spells              Type           Power      Damage    Failure   Level
a - Beastly Appendage     Tmut           14%        N/A       11%         1

Your spell library contained the following spells:

 Spells                   Type           Power      Damage    Failure   Level
 Wereblood                Tmut           7%         N/A       16%         2
 Spider Form              Tmut/Pois      4%         N/A       43%         3
 Ice Form                 Ice/Tmut       4%         N/A       83%         4
 Dispersal                Tloc           0%         N/A       100%        6
 Disjunction              Tloc           0%         N/A       100%        8


Dungeon Overview and Level Annotations

Branches:
Dungeon (1/15)

Altars:


Innate Abilities, Weirdness & Mutations

You have temporarily grown beastly horns and talons.
You have large cloven feet.


Message History

The kobold shouts!
The kobold throws a stone.
The stone hits you but does no damage.
A quokka comes into view.
Found 11 gold pieces.
A hobgoblin comes into view.
There are monsters nearby!
The kobold closely misses you.
Casting: Beastly Appendage (safe; 11% risk of failure)
Confirm with . or Enter, or press ? or * to list all spells.
You grow a pair of large bovine horns.
Your feet morph into talons.
The kobold misses you.
You barely miss the kobold. The kobold hits you with a +0 dagger.
You hit the hobgoblin. Your punch misses the hobgoblin.
The hobgoblin is almost dead.
The kobold closely misses you. The hobgoblin completely misses you.
You hit the hobgoblin.
You kill the hobgoblin!
The kobold hits you with a +0 dagger.
The quokka twitches its whiskers.
You barely miss the quokka. Your headbutt misses the quokka.
The kobold hits you with a +0 dagger. The quokka bites you.
You are too injured to fight recklessly!
You are too injured to fight recklessly!
You are too injured to fight recklessly!
You are too injured to fight recklessly!
You are too injured to fight recklessly!
You closely miss the quokka. Your headbutt misses the quokka.
The quokka bites you.
You are too injured to fight recklessly!
You hit the quokka but do no damage.
Your transformation is almost over.
The quokka bites you.
* * * LOW HITPOINT WARNING * * *
You are too injured to fight recklessly!
You hit the quokka.
The quokka is moderately wounded.
The quokka bites you.
* * * LOW HITPOINT WARNING * * *
The quokka bites you.
You die...

................#
...≈.....####...##
..≈8≈...## #....####
###)....# ####....#
...#### ####.# ....# ###
#.# ####### ......
....### ###.### ###..((.#
.......
.$.....##.....###(((((((.
#Kr@.###..+..((.8(.(
#.#.## ####..(...((
#..#.# ###.(...# #.....#
###'### #.....## ##..((.#
#...!. #...<... ##...#
##.....# ##.. #######


You could see a quokka and a kobold.

Vanquished Creatures
  A giant cockroach (D:1)
  2 goblins (D:1)
  2 hobgoblins (D:1)
  2 bats (D:1)
  2 frilled lizards (D:1)
  2 rats (D:1)
11 creatures vanquished.

Notes
Turn   | Place    | Note
-------+----------+-------------------------------------------
     0 | D:1      | inmateoo the Demonspawn Transmuter began the quest for the
                  | Orb.
     0 | D:1      | Reached XP level 1. HP: 15/15 MP: 3/3
   434 | D:1      | Discovered your monstrous ancestry.
   434 | D:1      | Lost mutation: You have razor-sharp toenails. [demonic
                  | ancestry]
   434 | D:1      | Lost mutation: You have sharp toenails. [demonic ancestry]
   434 | D:1      | Gained mutation: You have large cloven feet. [demonic
                  | ancestry]
   434 | D:1      | Reached XP level 2. HP: 20/21 MP: 3/5
   594 | D:1      | Slain by a quokka

Illustrated notes

Levels and vault maps discovered:
D:1:      minmay_arrival_shattered_statue, layout_basic,
          kennysheep_decorative_pillar, eino_curves_04, minivault_19

Skill      XL: |  1  2 |
---------------+-------+-----
Dodging        | 2 |  2.0
Transmutations | 2 |  2.0
Fighting       | |  1.1
Armour         | |  0.2
Unarmed Combat | |  2.8
Spellcasting   | |  2.1

Action                   || total
-------------------------++-------
Melee: Unarmed           ||    30
       Kick              ||    11
 Cast: Beastly Appendage ||     9
Armor: Robe              ||     7
Dodge: Dodged            ||    21
